 Seeded DCSS version 0.29-a0-11-ga75d3d97ab (webtiles) character file.

Game seed: 3698939498586987721 (custom seed)

56 croobank the Insei (level 3, 0/24 HPs)
             Began as an Octopode Transmuter on Jan 29, 2022.
             Constricted to death by a ball python (1 damage)
             ... on level 3 of the Dungeon.
             The game lasted 00:04:15 (1818 turns).

croobank the Insei (Octopode Transmuter)            Turns: 1818, Time: 00:04:16

Health: 0/24       AC:  1    Str:  9    XL:     3   Next: 97%
Magic:  5/6        EV: 10    Int: 17    God:
Gold:   29         SH:  0    Dex: 12    Spells: 3/6 levels left

rFire   . . .      SeeInvis .   a - +0 dagger
rCold   . . .      Faith    .   (no shield)
rNeg    . . .      Spirit   .   (helmet restricted)
rPois   .          Reflect  .   (no amulet)
rElec   .          Harm     .   (no ring)
rCorr   .          Rampage  .   (no ring)
Will    .....                   (no ring)
Stlth   ++........              (no ring)
HPRegen 0.08/turn               (no ring)
MPRegen 0.10/turn               (no ring)
                                (no ring)
                                (no ring)

@: brilliant, wereblooded, constricted
A: almost no armour, amphibious, 8 rings, camouflage 1, gelatinous body 1,
(nimble swimmer 1), tentacles
a: no special abilities


You were on level 3 of the Dungeon.
You visited 1 branch of the dungeon, and saw 3 of its levels.

You collected 29 gold pieces.

Inventory:

Hand Weapons
 a - a +0 dagger (weapon)
 b - a +0 hunting sling
 f - a +0 short sword
Missiles
 e - 20 stones
 i - 21 sling bullets
 j - a throwing net
Scrolls
 d - a scroll of magic mapping {unknown}
 h - a scroll of teleportation {unknown}


   Skills:
 + Level 1.8 Fighting
 + Level 2.5 Dodging
 + Level 3.3 Unarmed Combat
 + Level 2.4 Spellcasting
 + Level 2.5 Transmutations


You had 3 spell levels left.
You knew the following spells:

 Your Spells              Type           Power      Damage    Failure   Level
a - Beastly Appendage     Tmut           30%        N/A       7%          1
b - Wereblood             Tmut           15%        N/A       10%         2

Your spell library contained the following spells:

 Spells                   Type           Power      Damage    Failure   Level
 Spider Form              Tmut/Pois      9%         N/A       32%         3
 Ice Form                 Ice/Tmut       9%         N/A       73%         4


Dungeon Overview and Level Annotations

Branches:
Dungeon (3/15)

Altars:


Innate Abilities, Weirdness & Mutations

You cannot wear most types of armour.
You are amphibious.
You can wear up to eight rings at the same time.
Your skin changes colour to match your surroundings (Stealth+).
Your rubbery body absorbs attacks. (AC +1, EV +1)
((You are camouflaged when in or above water. (Stealth+)))
You have tentacles for arms and can constrict up to eight enemies at once.


Message History

The ball python misses you. The ball python grabs you.
The ball python constricts you.
* * * LOW HITPOINT WARNING * * *
You escape the ball python's grasp.
The quokka twitches its whiskers.
The ball python bites you.
* * * LOW HITPOINT WARNING * * *
The ball python closely misses you. The ball python bites you.
* * * LOW HITPOINT WARNING * * *
The ball python misses you.
Casting: Beastly Appendage (safe; 7% risk of failure)
Confirm with . or Enter, or press ? or * to list all spells.
Your blood is infused with primal strength.
The ball python closely misses you. The ball python barely misses you. x2
The ball python misses you.
You hit the ball python. You grab the ball python.
The ball python is severely wounded.
Your tentacle spike disappears.
You constrict the ball python.
You feel a bit better.
You kill the ball python!
The ball python closely misses you. The ball python grabs you.
The ball python constricts you.
* * * LOW HITPOINT WARNING * * *
You escape the ball python's grasp.
You howl as the wereblood boils in your veins!
It was a potion of brilliance.
You feel clever all of a sudden. The ball python bites you.
* * * LOW HITPOINT WARNING * * *
The ball python misses you. The ball python closely misses you. x2
You howl as the wereblood boils in your veins!
You howl as the wereblood boils in your veins!
The ball python closely misses you. The ball python misses you.
This is a scroll of acquirement!
Something appears before you! The ball python bites you.
* * * LOW HITPOINT WARNING * * *
The ball python grabs you. The ball python constricts you.
You die...

..... #....
##... ....
##.########
##....Kr.K.#
#.#.######r#
##.#.######S#
##..#.......@#
##............#
#.............#
#.............#
#.............#
#.............#
##............#
#.........$...
#...........


You could see a quokka, a ball python and a kobold.

Vanquished Creatures
  A gnoll (D:2)
  An adder (D:2)
  4 ball pythons
  3 bats
  4 endoplasms
  4 hobgoblins
  8 jackals
  A quokka (D:2)
  3 frilled lizards (D:2)
  2 kobolds (D:1)
  2 rats
33 creatures vanquished.

Notes
Turn   | Place    | Note
-------+----------+-------------------------------------------
     0 | D:1      | croobank the Octopode Transmuter began the quest for the
                  | Orb.
     0 | D:1      | Reached XP level 1. HP: 13/13 MP: 3/3
   694 | D:1      | Reached XP level 2. HP: 14/18 MP: 3/5
   697 | D:1      | Learned a level 2 spell: Wereblood
  1405 | D:2      | Reached XP level 3. HP: 15/23 MP: 6/6
  1803 | D:3      | HP: 1/24 [ball python (2)]
  1808 | D:3      | HP: 1/24 [ball python (1)]
  1818 | D:3      | Identified a scroll of acquirement
  1818 | D:3      | Acquired a +4 triple sword of electrocution
  1818 | D:3      | HP: 1/24 [ball python (1)]
  1818 | D:3      | Constricted to death by a ball python

Illustrated notes

Levels and vault maps discovered:
D:1:      roderic_octagonal_star, layout_loops_corners, serial_rivers,
          chequers_serial_rivers_room_b, chequers_serial_rivers_micro_e,
          chequers_serial_rivers_micro_c, chequers_serial_rivers_micro_a,
          chequers_serial_rivers_micro_e
D:2:      layout_loops_ring, serial_shops, shop_fountains
D:3:      layout_basic, tgw_trog, shapermc_ecumenical_altar_mp_ritualfount,
          grunt_ministairs_8

Action                   || total
-------------------------++-------
Melee: Dagger            ||    63
       Constrict         ||    20
       Tentacles         ||    20
       Kick              ||    12
       Unarmed           ||     1
       Punch             ||     3
 Cast: Beastly Appendage ||    17
       Wereblood         ||     4
  Use: Scroll            ||     1
       Potion            ||     1
 Stab: Sleeping          ||     6
Armor: Skin              ||     3
Dodge: Dodged            ||    40

Table legend: (Time is in decaauts)
 A = Elapsed time spent in this place.
 B = Non-inter-level travel time spent in this place.
 C = Inter-level travel time spent in this place.
 D = Time resting spent in this place.
 E = Time spent auto-exploring this place.
 F = Levels seen in this place.
 G = Mean time per level.
                   A        B        C        D        E       F      G
               +--------+--------+--------+--------+--------+-----+--------+
         Total |   1815 |   1792 |     23 |     64 |   1398 |   3 |  605.0 |
       Dungeon |   1815 |   1792 |     23 |     64 |   1398 |   3 |  605.0 |
               +--------+--------+--------+--------+--------+-----+--------+

Top non-repeatable levels by time:
     D:1: 1391 daAuts
     D:2: 404 daAuts
     D:3: 19 daAuts
